 Dungeon Crawl Stone Soup version 0.31-a0-949-g57150269e1 (webtiles) character file.

Game seed: 4803715966021537185

25 mattiecakes the Trooper (level 3, -4/36 HPs)
             Began as a Gargoyle Fighter on Oct 22, 2023.
             Killed from afar by Sigmund (8 damage)
             ... with a puff of flame
             ... on level 2 of the Dungeon.
             The game lasted 00:08:43 (1317 turns).

mattiecakes the Trooper (Gargoyle Fighter)          Turns: 1317, Time: 00:08:43

Health: -4/36      AC: 21    Str: 18 (21) XL:     3   Next: 6%
Magic:  3/3        EV:  2    Int:  7 (8)  God:
Gold:   84         SH:  4    Dex:  8 (9)  Spells: 2/2 levels left

rFire   . . .        a - +0 flail
rCold   . . .        c - +0 buckler
rNeg    + . .        g - melded +3 chain mail
rPois   ∞            (helmet currently unavailable)
rElec   .            (cloak currently unavailable)
rCorr   .            (gloves currently unavailable)
SInv    .            (boots currently unavailable)
Will    .....        (no amulet)
Stlth   +            (no ring)
HPRegen 0.26/turn    (no ring)
MPRegen 0.08/turn

%: no passive effects
@: tree-form (expiring)
A: stationary, stasis, torment immunity, boosted hp, sickness immunity, AC +3,
negative energy resistance 1, (electricity resistance), torment resistance 1,
petrification resistance
a: no special abilities


You were on level 2 of the Dungeon.
You were a tree.
You visited 1 branch of the dungeon, and saw 2 of its levels.

You collected 84 gold pieces.

Inventory:

Hand Weapons
 a - a +0 flail (weapon)
Armour
 b - a +0 scale mail
 c - a +0 buckler (worn)
 g - a +3 chain mail (melded)
Jewellery
 h - an amulet of guardian spirit
Scrolls
 e - a scroll of immolation {unknown}
 i - 2 scrolls of identify {unknown}
Potions
 d - a potion of might
 j - a potion of degeneration


   Skills:
 + Level 4.3 Fighting
 - Level 2.1 Maces & Flails
 - Level 3.3 Armour
 - Level 3.3 Shields


You had 2 spell levels left.
You didn't know any spells.
Your spell library was empty.

Dungeon Overview and Level Annotations

Branches:
Dungeon (2/15)

Altars:

Annotations:
D:2 Sigmund


Innate Abilities, Weirdness & Mutations

You are a tree.
Your roots penetrate the ground, keeping you stationary.
You cannot be teleported.
You are immune to unholy pain and torment.
Your maximum health is greatly increased.
Your equipment is partially melded.
You are immune to sickness and miasma.
((Your stone body is resilient. (AC +3)))
You are immune to poison.
You resist negative energy. (rN+)
((You are resistant to electric shocks. (rElec)))
You are resistant to unholy torment.
You are immune to petrification.


Message History

You hear some strange, mumbled words.
You are more confused.
You hear some strange, mumbled words.
Something tries to affect you, but you resist.
You hear a zap.
A puff of flame appears from out of thin air!
The puff of flame hits you but does no damage.
Something hits you but does no damage.
Sigmund appears from thin air!
Reactivating autopickup.
Sigmund hits you but does no damage. Sigmund hits you with a +0 scythe.
* * * LOW HITPOINT WARNING * * *
You feel less confused. Sigmund hits you but does no damage.
Sigmund zaps a wand.
The puff of flame hits you but does no damage.
Sigmund looks at you with fury. Sigmund casts a spell at you.
The magic dart hits you but does no damage.
Sigmund hits you but does no damage. Sigmund gestures at you while chanting.
The magic dart hits you but does no damage.
Sigmund hits you with a +0 scythe.
* * * LOW HITPOINT WARNING * * *
Sigmund hits you but does no damage.
Your transformation is almost over.
Sigmund gestures wildly while chanting.
Sigmund flickers and vanishes!
Deactivating autopickup; reactivate with Ctrl-A.
Something hits you but does no damage. Something hits you but does no damage.
Something hits you but does no damage.
You hear a zap.
A puff of flame appears from out of thin air!
The puff of flame hits you but does no damage.
You hear a zap.
A puff of flame appears from out of thin air!
The puff of flame hits you!
You die...

#..###### #...# #..#
###.###
.#.###..######...#
...............#.# .## #
.....##.†###.#.#.# ..#.#
####.....†.#.#.#.# ..#.#
#.##..#.#.#.#.# ..#.# #
#......#.#.# ..#.#
#.##.##.###.#♣# #####.#
#.......###.#{# #.....#
..#.##..##..#..
#.######## ## #.
#......#... #.#....... #.
#...##.#########.##.#####
#. #....†..............#
###.################# #.#
..#


There were no monsters in sight!

Vanquished Creatures
  A dart slug (D:1)
  5 ball pythons
  A bat (D:1)
  An endoplasm (D:1)
  A goblin (D:2)
  2 hobgoblins (D:1)
  3 jackals (D:1)
  A quokka (D:1)
  3 frilled lizards
  2 kobolds (D:1)
  2 rats (D:1)
22 creatures vanquished.

Notes
Turn   | Place    | Note
-------+----------+-------------------------------------------
     0 | D:1      | mattiecakes the Gargoyle Fighter began the quest for the
                  | Orb.
     0 | D:1      | Reached XP level 1. HP: 14/14 MP: 1/1
   237 | D:1      | Reached XP level 2. HP: 19/19 MP: 2/2
   588 | D:1      | Reached skill level 4 in Fighting
  1207 | D:2      | Reached XP level 3. HP: 23/24 MP: 3/3
  1261 | D:2      | Noticed Sigmund
  1317 | D:2      | Killed from afar by Sigmund

Illustrated notes

Levels and vault maps discovered:
D:1:      evilmike_arrival_hilbert_curve, layout_basic
D:2:      layout_loops_ring, serial_co_window_serial, co_window_paths_a,
          co_window_corner_a, co_window_corner_a, co_window_corner_a,
          co_window_paths_b, co_window_broadway_c, co_window_broadway_a,
          co_window_unsneaky_path_c, co_window_2corner, co_window_corner_b,
          co_window_broadway_b, glass_columns_a, glass_columns_a,
          glass_columns_a, glass_columns_c, glass_columns_b,
          basic_ecumenical_altar, uniq_sigmund

Skill      XL: |  1  2 |
---------------+-------+-----
Fighting       | 4 |  4.3
Maces & Flails | |  2.1
Armour         | |  3.3
Shields        | |  3.3

Action                     || total
---------------------------++-------
  Melee: Flail             ||    83
    Use: Potion            ||     2
 Armour: Scale mail        ||    26
         Chain mail        ||    38
         Skin              ||    29
  Dodge: Dodged            ||    45
  Block: Buckler           ||    17

Table legend: (Time is in decaauts)
 A = Elapsed time spent in this place.
 B = Non-inter-level travel time spent in this place.
 C = Inter-level travel time spent in this place.
 D = Time resting spent in this place.
 E = Time spent auto-exploring this place.
 F = Levels seen in this place.
 G = Mean time per level.
                   A        B        C        D        E       F      G
               +--------+--------+--------+--------+--------+-----+--------+
         Total |   1343 |   1302 |     41 |      0 |   1049 |   2 |  671.5 |
       Dungeon |   1343 |   1302 |     41 |      0 |   1049 |   2 |  671.5 |
               +--------+--------+--------+--------+--------+-----+--------+

Top non-repeatable levels by time:
     D:1: 1103 daAuts
     D:2: 239 daAuts
